 Dungeon Crawl Stone Soup version 0.32-a0-705-g60f233581c (webtiles) character file.

Game seed: 13331183240952097572

59344 BeKind the Thaumaturge (level 14, -9/99 HPs)
             Began as an Octopode Ice Elementalist on Mar 14, 2024.
             Was an Initiate of Hepliaklqana.
             Shot with an arrow by Nessos (11 damage)
             ... on level 12 of the Dungeon.
             The game lasted 01:16:58 (27106 turns).

BeKind the Thaumaturge (Octopode Ice Elementalist) Turns: 27106, Time: 01:16:58

Health: -9/99      AC: 14    Str: 19    XL:     14   Next: 94%
Magic:  26/39      EV: 22    Int: 23    God:    Hepliaklqana [......]
Gold:   739        SH:  0    Dex: 14    Spells: 21/37 levels left

rFire   x . .        V - +4 sling of Dismay {flame, rF- rN++ rCorr Stlth+}
rCold   + + .        (no shield)
rNeg    + + +        x - +1 hat {Will+}
rPois   +            (no amulet)
rElec   .            R - +4 ring of protection
rCorr   +            m - +5 ring of evasion
SInv    .            y - ring of Ginin {rPois Str+3}
Will    +++..        h - ring of protection from cold
Stlth   +++          D - +4 ring of protection
HPRegen 0.36/turn    L - ring of the Final Chapter {Ice rN+ rCorr Str+5 Stlth-}
MPRegen 0.26/turn    M - ring "Suemosucw" {*Corrode rF+ rN+ AC+4 Str+3}
                     N - ring of Circularity {Will+ rCorr MP+9 Int+3}

%: corrode self (3%), clarity
@: no status effects
A: almost no armour, amphibious, 8 rings, camouflage 1, gelatinous body 1,
(nimble swimmer 1), tentacles, clarity, subdued magic 1
a: Renounce Religion


You were on level 12 of the Dungeon.
You worshipped Hepliaklqana.
Hepliaklqana was noncommittal.
You visited 3 branches of the dungeon, and saw 18 of its levels.
You also visited: Sewer and Bailey.

You collected 7184 gold pieces.
You spent 1665 gold pieces at shops.
You paid 4780 gold pieces to Gozag.

Inventory:

Hand Weapons
 d - a +0 sling of electrocution
 V - the +4 sling of Dismay (weapon) {flame, rF- rN++ rCorr Stlth+}
   (You bought it in a shop on level 1 of the Lair of Beasts)

   rF-:       It makes you vulnerable to fire.
   rN++:      It greatly protects you from negative energy.
   rCorr:     It protects you from acid and corrosion.
   Stlth+:    It makes you more stealthy.
Armour
 x - a +1 hat of willpower (worn)
 F - a +0 tower shield
Jewellery
 b - a +4 ring of slaying
 h - a ring of protection from cold (on tentacle)
 i - a ring of poison resistance
 m - a +5 ring of evasion (right tentacle)
 p - a ring of willpower
 y - the ring of Ginin (on tentacle) {rPois Str+3}
   (You found it on level 6 of the Dungeon)

   [ring of poison resistance]

   Str+3:     It affects your strength (+3).
   rPois:     It protects you from poison.
 D - a +4 ring of protection (on tentacle)
 L - the ring of the Final Chapter (on tentacle) {Ice rN+ rCorr Str+5 Stlth-}
   (You bought it in a shop on level 12 of the Dungeon)

   [ring of ice]

   Ice:       It enhances your ice magic.
   Str+5:     It affects your strength (+5).
   rF-:       It makes you vulnerable to fire.
   rC+:       It protects you from cold.
   rN+:       It protects you from negative energy.
   rCorr:     It protects you from acid and corrosion.
   Stlth-:    It makes you less stealthy.
 M - the ring "Suemosucw" (on tentacle) {*Corrode rF+ rN+ AC+4 Str+3}
   (You bought it in a shop on level 12 of the Dungeon)

   [ring of protection]

   AC+4:      It affects your AC (+4).
   Str+3:     It affects your strength (+3).
   rF+:       It protects you from fire.
   rN+:       It protects you from negative energy.
   *Corrode:  It may corrode you when you take damage.
 N - the ring of Circularity (on tentacle) {Will+ rCorr MP+9 Int+3}
   (You bought it in a shop on level 12 of the Dungeon)

   [ring of magical power]

   Int+3:     It affects your intelligence (+3).
   Will+:     It increases your willpower.
   MP+9:      It affects your magic capacity (+9).
   rCorr:     It protects you from acid and corrosion.
 O - a ring of protection from cold
 R - a +4 ring of protection (left tentacle)
 Z - a ring of flight
Wands
 g - a wand of iceblast (4)
 o - a wand of paralysis (7)
 v - a wand of polymorph (5)
Scrolls
 c - 3 scrolls of immolation
 e - 2 scrolls of amnesia
 j - 4 scrolls of enchant armour
 l - 5 scrolls of revelation
 n - 4 scrolls of enchant weapon
 t - a scroll of identify
 w - 2 scrolls of fear
 z - 8 scrolls of vulnerability
 B - a scroll of noise
 C - a scroll of silence
 G - 6 scrolls of fog
 I - a scroll of brand weapon
 W - a scroll of torment {unknown}
 X - a scroll of poison
Potions
 a - 3 potions of magic
 f - 8 potions of curing
 k - 3 potions of mutation
 r - 3 potions of haste
 s - a potion of resistance {unknown}
 u - a potion of invisibility
 E - 2 potions of cancellation
 H - 2 potions of ambrosia {unknown}
 P - 2 potions of degeneration {unknown}
 T - a potion of attraction {unknown}


   Skills:
 + Level 10.9 Fighting
 - Level 9.0 Ranged Weapons
 + Level 11.1 Dodging
 - Level 2.6 Stealth
 + Level 2.6 Shields
 + Level 12.2 Spellcasting
 + Level 11.5 Summonings
 - Level 9.0 Ice Magic


You had 21 spell levels left.
You knew the following spells:

 Your Spells              Type           Power      Damage    Failure   Level
a - Freeze                Ice            100%       1d10      1%          1
b - Frozen Ramparts       Ice            100%       1d16      1%          3
c - Summon Ice Beast      Ice/Summ       63%        N/A       1%          3
d - Call Imp              Summ           100%       N/A       1%          2
e - Hailstorm             Conj/Ice       40%        3d9       1%          3
f - Martyr's Knell        Necr/Summ      31%        N/A       3%          4

Your spell library contained the following spells:

 Spells                   Type           Power      Damage    Failure   Level
 Ozocubu's Armour         Ice            59%        N/A       1%          3
 Magic Dart               Conj           40%        1d5       3%          1
 Shock                    Conj/Air       40%        1d5       3%          1
 Sting                    Conj/Alch      40%        1d5       3%          1
 Blink                    Tloc           20%        N/A       5%          2
 Cigotuvi's Dreadful Rot  Necr/Alch/Air  20%        N/A       5%          2
 Mercury Vapours          Alch/Air       20%        N/A       5%          2
 Fugue of the Fallen      Necr           10%        N/A       12%         3
 Swiftness                Air            10%        N/A       12%         3
 Airstrike                Air            5%         2d(1-17)  36%         4
 Dispel Undead            Necr           10%        3d9       36%         4
 Manifold Assault         Tloc           10%        N/A       36%         4
 Olgreb's Toxic Radiance  Alch           10%        N/A       36%         4
 Passage of Golubria      Tloc           10%        N/A       36%         4
 Iskenderun's Battlesphe  Conj           10%        2d6       73%         5
 Silence                  Hex/Air        5%         N/A       73%         5
 Spellforged Servitor     Conj/Summ      15%        N/A       97%         7
 Bombard                  Conj/Erth      5%         9d2       100%        6
 Dispersal                Tloc           5%         N/A       100%        6
 Disjunction              Tloc           5%         N/A       100%        8
 Lehudib's Crystal Spear  Conj/Erth      5%         10d3      100%        8


Dungeon Overview and Level Annotations

Branches:
Dungeon (12/15)            Temple (1/1) D:7            Lair (5/5) D:11
 Shoals (0/4) Lair:2       Spider (0/4) Lair:3        Slime (0/5) Lair:5
    Orc (0/2) D:12          Sewer (visited)          Bailey (visited)

Altars:
Ashenzari
Cheibriados
Dithmenos
Elyvilon
Fedhas
Gozag
Hepliaklqana
Kikubaaqudgha
Makhleb
Nemelex Xobeh
Okawaru
Qazlal
Ru
Sif Muna
Trog
Uskayaw
Vehumet
Wu Jian
Xom
Yredelemnul
Zin
The Shining One
Jiyva

Shops:
D:3 ?   D:12 ==   Lair:1 (   Lair:5 (*

Annotations:
D:4 2 transporters, zenocrate's ghost, amateur OpEE
D:12 Nessos
Lair:3 3 runed translucent doors, Ted Jakhope's ghost, journeyman MfSh


Innate Abilities, Weirdness & Mutations

You cannot wear most types of armour.
You are amphibious.
You can wear up to eight rings at the same time.
Your skin changes colour to match your surroundings (Stealth+).
Your rubbery body absorbs attacks. (AC +1, EV +1)
((You are camouflaged when in or above water. (Stealth+)))
You have tentacles for arms and can constrict up to eight enemies at once.
You possess an exceptional clarity of mind.
Your spells are a little easier to cast, but a little less powerful.


Message History

Okay, then.
Blink to where?
Press: ? - help, Dir - move target, p - Nessos
As you read the scroll of blinking, it crumbles to dust.
Casting: Martyr's Knell (dangerous; 3% risk of failure)
Confirm with . or Enter, or press ? or * to list all spells.
You feel a surge of power! A chill wind blows around you.
Nessos is nearby!
Your magical contamination has completely faded away.
Something closely misses your ice beast.
Something kicks your ice beast. Something hits your ice beast.
Something kicks your ice beast but does no damage.
Nessos hits your ice beast.
Nessos kicks your ice beast but does no damage.
Your ice beast hits Nessos but does no damage.
Something barely misses your ice beast.
Something kicks your ice beast but does no damage.
Something barely misses your ice beast.
Something kicks your ice beast but does no damage.
As you read the scroll of teleportation, it crumbles to dust.
You feel strangely unstable.
Nessos stands on their hind legs for a moment.
Nessos wields a +2 longbow of flaming.
It bursts into flame!
Nessos shoots an arrow.
The arrow hits your ice beast!! The arrow melts your ice beast!
Your ice beast hits Nessos but does no damage.
Nessos shoots an arrow.
The arrow completely misses you.
Your surroundings suddenly seem different.
Nessos shoots an arrow.
The arrow hits you!
* * * LOW HITPOINT WARNING * * *
The arrow burns you!
* * * LOW HITPOINT WARNING * * *
Your ice beast barely misses Nessos.
Okay, then.
As you read the scroll of fear, it crumbles to dust.
You assume a fearsome visage.
Nessos resists with some effort.
Nessos shoots an arrow.
The arrow barely misses you.
Nessos shoots an arrow.
The arrow hits you!
You die...
Hepliaklqana delivers you to your ancestors.

##.......# #.#
.......).# #.#
.........###.#####
##......##.......#
#.....###.......#
###.....#.......#
#####.........#
#####....∩..#
######.Y....[.∩.@#
#.c....###.......#
..###### #.......#
.## #.......#
###### #Yc.....#
......####.#######
#####......#
########


You could see Nessos (fast, ally target) and a friendly ice beast (summoned).

Vanquished Creatures
  A death yak (Lair:5)
  A skyshark (Lair:5)
  Pikel (D:7)
  2 orc knights (Bailey)
  An ugly thing (D:11)
  8 elephants
  A torpor snail (Lair:5)
  4 black mambas
  10 cane toads
  A rime drake (Lair:5)
  2 komodo dragons
  2 trolls (D:12)
  6 blink frogs
  A tarantella (Lair:3)
  3 dream sheep (Lair:5)
  Sigmund (D:2)
  2 wraiths
  A wyvern (D:9)
  21 yaks
  A basilisk (Lair:4)
  Eustachio (D:5)
  A redback (Lair:3)
  5 vampire mosquitoes
  Menkaure (D:7)
  10 water moccasins
  2 black bears
  13 orc warriors
  A sky beast (D:6)
  11 wolves
  5 ogres
  4 centaurs
  2 lemures
  A nameless horror (Lair:4)
  3 kobold brigands
  8 bullfrogs
  6 scorpions
  A gnoll sergeant (D:7)
  3 wights (D:8)
  5 killer bees (D:8)
  4 electric eels
  4 bombardier beetles
  4 howler monkeys
  A jelly (D:5)
  7 hounds
  5 orc priests
  2 iguanas
  5 orc wizards
  5 hell rats (Lair:2)
  Robin (D:4)
  9 adders
  5 gnolls
  A white imp (D:6)
  2 ufetubi (D:5)
  12 dart slugs
  3 ribbon worms
  48 orcs
  5 bats
  9 endoplasms
  10 giant cockroaches
  20 goblins
  16 hobgoblins
  3 quokkas
  22 ball pythons
  14 frilled lizards
  13 kobolds
  16 rats
399 creatures vanquished.

Vanquished Creatures (collateral kills)
  6 hydras
  A two-headed ogre (D:8)
  2 boulder beetles (D:11)
  3 death yaks (Lair:4)
  Nergalle (D:12)
  A skyshark (Lair:5)
  Lodul (D:11)
  A lindwurm (Lair:2)
  An oklob plant (Lair:2)
  A cyclops (D:11)
  A manticore (D:11)
  An ugly thing (D:12)
  12 elephants
  Joseph (D:9)
  A merfolk siren (Lair:2)
  3 black mambas
  10 cane toads
  A gargoyle (D:12)
  A torpor snail (Lair:5)
  A kobold demonologist (D:11)
  Jeremiah (Lair:1)
  Psyche (D:8)
  A rime drake (Lair:5)
  4 komodo dragons
  3 trolls
  A tyrant leech (Lair:4)
  A polar bear (Lair:2)
  16 blink frogs
  Grinder (D:5)
  A dream sheep (Lair:5)
  3 wraiths
  24 yaks
  3 vampire mosquitoes
  5 water moccasins
  8 orc warriors
  A sky beast (D:7)
  2 ice beasts
  6 ogres
  9 wolves
  A lemure (D:7)
  6 bullfrogs
  5 wights (D:8)
  A killer bee (D:8)
  3 electric eels
  4 hounds
  5 orc priests
  5 orc wizards
  2 hell rats (Lair:2)
  5 gnolls
  An adder (D:5)
  2 white imps
  20 orcs
  2 goblins (Bailey)
  2 hobgoblins (Bailey)
  4 kobolds
209 creatures vanquished.

Grand Total: 608 creatures vanquished

Notes
Turn   | Place    | Note
-------+----------+-------------------------------------------
     0 | D:1      | BeKind the Octopode Ice Elementalist began the quest for
                  | the Orb.
     0 | D:1      | Reached XP level 1. HP: 11/11 MP: 3/3
   134 | D:1      | Found a faded altar of an unknown god.
   177 | D:1      | Reached XP level 2. HP: 15/17 MP: 5/5
   357 | D:1      | Prayed at the altar of an unknown god.
   357 | D:1      | Became a worshipper of Gozag Ym Sagoz the Greedy
   870 | D:2      | Reached XP level 3. HP: 21/21 MP: 6/6
  1435 | D:2      | Noticed Sigmund
  1442 | D:2      | Killed Sigmund
  1443 | D:2      | Reached skill level 3 in Spellcasting
  1443 | D:2      | Reached skill level 5 in Ice Magic
  1443 | D:2      | Reached XP level 4. HP: 25/27 MP: 9/9
  1443 | D:2      | Reached XP level 5. HP: 29/31 MP: 10/10
  1447 | D:2      | Learned a level 3 spell: Frozen Ramparts
  1451 | D:2      | Learned a level 3 spell: Summon Ice Beast
  1959 | D:3      | Reached XP level 6. HP: 35/36 MP: 11/11
  2121 | D:3      | Found a glowing drain.
  2150 | D:3      | Reached skill level 1 in Summonings
  2156 | Sewer    | Entered a sewer
  2614 | Sewer    | Reached XP level 7. HP: 24/41 MP: 12/12
  2618 | Sewer    | Reached skill level 4 in Spellcasting
  2789 | D:3      | Found an opulent altar of Gozag.
  3021 | D:3      | Found Duirghog's Magic Scroll Emporium.
  3135 | D:4      | Found a transporter.
  3137 | D:4      | Noticed zenocrate's ghost (amateur OpEE)
  3141 | D:4      | Found a transporter.
  3458 | D:4      | Noticed Robin
  3473 | D:4      | Killed Robin
  3590 | D:4      | Found a bloodstained altar of Trog.
  3656 | D:4      | Found an ornate altar of the Wu Jian Council.
  4213 | D:4      | Reached skill level 5 in Dodging
  4582 | D:5      | Entered Level 5 of the Dungeon
  4714 | D:5      | Reached XP level 8. HP: 46/46 MP: 14/14
  4752 | D:5      | Noticed Eustachio
  4760 | D:5      | Killed Eustachio
  4778 | D:5      | Reached skill level 5 in Spellcasting
  5054 | D:5      | Noticed Grinder
  5055 | D:5      | Paralysed by Grinder for 5 turns
  5087 | D:5      | Gained mutation: You possess an exceptional clarity of
                  | mind. [potion of mutation]
  5087 | D:5      | Gained mutation: Your spells are a little easier to cast,
                  | but a little less powerful. [potion of mutation]
  5090 | D:5      | Killed Grinder
  5277 | D:5      | Found an ancient bone altar of Kikubaaqudgha.
  5927 | D:6      | Identified the ring of Ginin {rPois Str+3}
  6035 | D:6      | Reached XP level 9. HP: 51/51 MP: 17/17
  6435 | D:6      | Reached skill level 1 in Fighting
  6435 | D:6      | Reached skill level 5 in Summonings
  7037 | D:7      | Reached skill level 6 in Spellcasting
  7200 | D:7      | Noticed Pikel
  7253 | D:7      | Killed Pikel
  7448 | D:7      | Reached skill level 7 in Spellcasting
  7448 | D:7      | Reached XP level 10. HP: 5/63 MP: 15/20
  7729 | D:7      | Learned a level 2 spell: Call Imp
  7766 | D:7      | Learned a level 3 spell: Hailstorm
  7806 | D:7      | Noticed Menkaure
  7810 | D:7      | Killed Menkaure
  8105 | D:7      | Found a staircase to the Ecumenical Temple.
  8254 | D:7      | Found a sparkling altar of Nemelex Xobeh.
  8419 | D:8      | Reached skill level 5 in Fighting
  8931 | D:8      | Reached skill level 8 in Spellcasting
  9633 | D:8      | Noticed a two-headed ogre
  9643 | D:8      | Killed a two-headed ogre
  9646 | D:8      | Noticed Psyche
  9698 | D:8      | Killed Psyche
  9699 | D:8      | Reached XP level 11. HP: 57/74 MP: 5/23
 10792 | D:9      | Found a flagged portal.
 10801 | Bailey   | Entered a bailey
 11004 | Bailey   | Noticed an orc knight
 11026 | Bailey   | Killed an orc knight
 11354 | Bailey   | Noticed an orc warlord
 11354 | Bailey   | Noticed an orc knight
 11372 | Bailey   | Killed an orc knight
 11794 | Bailey   | Acquired 601 gold pieces
 11920 | D:9      | Noticed Joseph
 11936 | D:9      | Killed Joseph
 12269 | D:9      | Learned a level 4 spell: Martyr's Knell
 12405 | D:9      | You fall into a shaft and drop 3 floors!
 12407 | D:12     | Bought the ring of the Final Chapter {Ice rN+ rCorr Str+5
                  | Stlth-} for 509 gold pieces
 12407 | D:12     | Bought the ring "Suemosucw" {*Corrode rF+ rN+ AC+4 Str+3}
                  | for 549 gold pieces
 12412 | D:12     | Bought the ring of Circularity {Will+ rCorr MP+9 Int+3} for
                  | 445 gold pieces
 12648 | D:11     | Reached skill level 9 in Spellcasting
 12758 | D:11     | Found a staircase to the Lair.
 12796 | D:11     | Noticed a boulder beetle
 12883 | D:12     | Noticed Nergalle
 12897 | D:11     | Noticed a manticore
 12915 | D:11     | Noticed Lodul
 12917 | D:11     | Noticed a cyclops
 12932 | D:11     | Killed Lodul
 12952 | D:11     | Killed a cyclops
 13049 | D:10     | Entered Level 10 of the Dungeon
 13061 | D:10     | Reached XP level 12. HP: 80/81 MP: 25/25
 14554 | D:11     | Noticed a boulder beetle
 15872 | D:11     | Reached skill level 10 in Spellcasting
 16419 | Lair:1   | Entered Level 1 of the Lair of Beasts
 16431 | Lair:1   | Reached skill level 10 in Dodging
 16774 | Lair:1   | Noticed Jeremiah
 16811 | Lair:1   | Killed Jeremiah
 17538 | Lair:2   | Noticed a six-headed hydra
 17573 | Lair:2   | Killed a six-headed hydra
 18627 | Lair:2   | Found a staircase to the Shoals.
 18771 | Lair:2   | Reached XP level 13. HP: 66/89 MP: 27/27
 19032 | Lair:3   | Reached skill level 1 in Ranged Weapons
 19399 | Lair:3   | Found a hole to the Spider Nest.
 19463 | Lair:3   | Noticed Ted Jakhope's ghost (journeyman MfSh)
 19551 | Lair:3   | Reached skill level 5 in Ranged Weapons
 19669 | Lair:3   | Found a runed translucent gate.
 19669 | Lair:3   | Found a runed translucent gate.
 19669 | Lair:3   | Found a runed translucent gate.
 20477 | Lair:1   | Bought a masterwork sling for 162 gold pieces
 20477 | Lair:1   | Identified the +4 sling of Dismay {flame, rF- rN++ rCorr
                  | Stlth+} (You bought it in a shop on level 1 of the Lair of
                  | Beasts)
 22660 | Lair:5   | Entered Level 5 of the Lair of Beasts
 22727 | Lair:4   | Reached skill level 11 in Spellcasting
 23274 | Lair:5   | Reached skill level 10 in Summonings
 23276 | Lair:5   | Reached XP level 14. HP: 78/97 MP: 23/29
 24003 | Lair:5   | Reached skill level 10 in Fighting
 24658 | Lair:5   | Found a viscous altar of Jiyva.
 24658 | Lair:5   | Found a staircase to the Slime Pits.
 24914 | Lair:5   | Reached skill level 12 in Spellcasting
 25228 | Lair:5   | Reached skill level 1 in Shields
 26356 | Temple   | Entered the Ecumenical Temple
 26364 | Temple   | Fell from the grace of Gozag
 26364 | Temple   | Became a worshipper of Hepliaklqana the Forgotten
 26857 | D:12     | Found a staircase to the Orcish Mines.
 26929 | D:12     | Killed Nergalle
 27070 | D:12     | Noticed Nessos
 27105 | D:12     | HP: 2/99 [Nessos/arrow (7)]
 27106 | D:12     | Shot with an arrow by Nessos

Illustrated notes

Levels and vault maps discovered:
D:1:      lemuel_arrival_funnel, layout_basic,
          hellmonk_ecumenical_altar_blasted, interstate_on_off
D:2:      layout_basic, minmay_rat_gold_closets, uniq_sigmund
D:3:      layout_basic, grunt_gozag_breadcrumbs, gup_sewer_entry_glass,
          serial_shops, shop, grunt_ministairs_2
D:4:      layout_loops_corners, mainiacjoe_overflow_two_lobes,
          gammafunk_ghost_smash, minmay_misc_feat_cross, uniq_robin
D:5:      layout_basic, nicolae_kikubaaqudgha_miasma_corner, uniq_eustachio,
          uniq_grinder
D:6:      layout_basic, chequers_decorated_corner
D:7:      layout_loops_cross, mainiacjoe_overflow_alcove_1,
          minmay_temple_entry_wispy, minmay_checkerbox, uniq_pikel,
          uniq_menkaure
D:8:      layout_basic, uniq_psyche
D:9:      layout_cave_pools, enter_bailey_6, uniq_joseph
D:10:     layout_loops_cross, minmay_stone_trees_small
D:11:     layout_loops_ring, erik_lair_island, uniq_lodul
D:12:     layout_rooms, erik_orc_2, uniq_nessos, uniq_nergalle
Temple:   sentei_temple_godly_chess
Lair:1:   layout_long_grid, uniq_jeremiah
Lair:2:   layout_hall_layers, minmay_shoals_entry_lonely_mermaid,
          lemuel_old_faithful
Lair:3:   layout_cellular_growth, spider_nest_entry_rubble, gammafunk_ghost_icy
Lair:4:   layout_regular_city
Lair:5:   minmay_lair_end_frog_pond, layout_misc_corridors, slime_entry_1

Skill      XL: |  1  2  3  4  5  6  7  8  9 10 11 12 13 14 |
---------------+-------------------------------------------+-----
Dodging        | 3 4 5 6 7 9 10 11 | 11.1
Spellcasting   | 3 4 5 7 8 9 10 11 12 | 12.2
Ice Magic      | 5 6 7 8 9 |  9.0
Summonings     | 1 3 4 5 9 10 11 | 11.5
Fighting       | 4 6 7 8 9 10 | 10.9
Ranged Weapons | 9 |  9.0
Shields        | 2 |  2.6
Stealth        | |  2.6

Action                     |  1- 3 |  4- 6 |  7- 9 | 10-12 | 13-15 || total
---------------------------+-------+-------+-------+-------+-------++-------
  Melee: Unarmed           |     5 |       |       |       |       ||     5
         Constrict         |     7 |    33 |    37 |    66 |     2 ||   145
         Tentacles         |     3 |    20 |    39 |   115 |     7 ||   184
         Dagger            |    38 |    97 |   133 |   345 |    10 ||   623
         Staff             |       |     5 |     1 |       |       ||     6
   Fire: Sling             |       |       |       |       |   489 ||   489
   Cast: Freeze            |     7 |     1 |    17 |    37 |    21 ||    83
         Frozen Ramparts   |       |     1 |    22 |    58 |    56 ||   137
         Summon Ice Beast  |       |       |    20 |   103 |    84 ||   207
         Call Imp          |       |       |       |    78 |    75 ||   153
         Martyr's Knell    |       |       |       |    31 |    61 ||    92
 Invoke: Call Merchant     |       |       |       |     2 |     3 ||     5
    Use: Potion            |       |       |     3 |     8 |     1 ||    12
         Scroll            |       |       |       |    21 |     8 ||    29
   Stab: Sleeping          |    11 |    18 |    13 |     2 |       ||    44
         Distracted        |       |       |     1 |     4 |       ||     5
 Armour: Skin              |    14 |    27 |    57 |   210 |   318 ||   626
  Dodge: Dodged            |    16 |    86 |   115 |   461 |   672 ||  1350

Table legend: (Time is in decaauts)
 A = Elapsed time spent in this place.
 B = Non-inter-level travel time spent in this place.
 C = Inter-level travel time spent in this place.
 D = Time resting spent in this place.
 E = Time spent auto-exploring this place.
 F = Levels seen in this place.
 G = Mean time per level.
                   A        B        C        D        E       F      G
               +--------+--------+--------+--------+--------+-----+--------+
         Total |  27116 |  25055 |   2061 |   3859 |  16364 |  20 | 1355.8 |
       Dungeon |  15958 |  14261 |   1697 |   1761 |   9783 |  12 | 1329.8 |
        Temple |     16 |      2 |     14 |      0 |      0 |   1 |   16.0 |
          Lair |   9514 |   9165 |    349 |   1887 |   5685 |   5 | 1902.8 |
         Sewer |    598 |    598 |      0 |      0 |    415 |   1 |  598.0 |
        Bailey |   1027 |   1027 |      0 |    211 |    481 |   1 | 1027.0 |
               +--------+--------+--------+--------+--------+-----+--------+

Top non-repeatable levels by time:
  Lair:4: 3168 daAuts
    D:11: 2299 daAuts
  Lair:5: 2142 daAuts
     D:8: 2077 daAuts
    D:10: 1703 daAuts
  Lair:3: 1496 daAuts
     D:4: 1446 daAuts
     D:7: 1386 daAuts
  Lair:2: 1359 daAuts
  Lair:1: 1348 daAuts
     D:5: 1281 daAuts
     D:6: 1180 daAuts
     D:9: 1121 daAuts
     D:2: 1063 daAuts
  Bailey: 1027 daAuts
